 Dungeon Crawl Stone Soup version 0.30-a0-726-gd89dcf765f (webtiles) character file.

Game seed: 6992899538188448945

20399 Angani the Slicer (level 12, -5/101 HPs)
             Began as a Purple Draconian Hedge Wizard on Jan 30, 2023.
             Was an Elder of Zin.
             Slain by a killer bee (10 damage)
             ... on level 2 of the Lair of Beasts.
             The game lasted 00:28:12 (14062 turns).

Angani the Slicer (Purple Draconian Hedge Wizard)  Turns: 14062, Time: 00:28:12

Health: -5/101     AC: 10    Str: 15    XL:     12   Next: 45%
Magic:  24/27      EV: 14    Int: 21    God:    Zin [****..]
Gold:   814        SH:  0    Dex: 14    Spells: 21/33 levels left

rFire   . . .      SeeInvis .    f - +5 rapier "Humeewol" {speed, rElec rC+ Will+++ Str-5}
rCold   + . .      Faith    .    (no shield)
rNeg    . . .      Spirit   .    (body armour unavailable)
rPois   ∞          Reflect  .    b - +0 hat
rElec   +          Harm     .    q - +0 cloak
rCorr   .          Rampage  .    (no gloves)
Will    ++++.                    H - +0 pair of boots
Stlth   ++                       C - amulet of regeneration
HPRegen 1.16/turn                y - +6 ring of strength
MPRegen 0.20/turn                A - ring of flight

@: lethally poisoned (-5 -> -5), vitalised, about to teleport, flying
A: breathe power, AC +8, unfitting armour, cold-blooded
a: Breathe Dispelling Energy, Renounce Religion, Recite, Vitalisation, Imprison,
Donate Gold


You were on level 2 of the Lair of Beasts.
You worshipped Zin.
Zin was greatly pleased with you.
You visited 3 branches of the dungeon, and saw 14 of its levels.

You collected 901 gold pieces.
You donated 87 gold pieces to Zin.

Inventory:

Hand Weapons
 f - the +5 rapier "Humeewol" (weapon) {speed, rElec rC+ Will+++ Str-5}
   (You acquired it on level 2 of the Dungeon)

   Str:       It affects your strength (-5).
   rC:        It protects you from cold.
   rElec:     It insulates you from electricity.
   Will:      It greatly increases your willpower.
Missiles
 i - 3 throwing nets
Armour
 b - a +0 hat (worn)
 q - a +0 cloak (worn)
 H - a +0 pair of boots (worn)
Jewellery
 p - a ring of ice
 s - a ring of ice
 y - a +6 ring of strength (left hand)
 A - a ring of flight (right hand)
 B - a ring of wizardry
 C - an amulet of regeneration (around neck)
 F - a ring of protection from fire
Wands
 u - a wand of flame (37)
Scrolls
 d - a scroll of amnesia
 g - 3 scrolls of teleportation
 h - 5 scrolls of noise
 l - 2 scrolls of enchant weapon
 n - 4 scrolls of immolation
 o - a scroll of torment
 r - a scroll of enchant armour
 G - a scroll of fog {unknown}
Potions
 a - 4 potions of haste
 c - a potion of magic
 e - a potion of ambrosia
 j - 5 potions of curing
 k - a potion of cancellation
 m - a potion of mutation {unknown}
 t - a potion of brilliance {unknown}
 v - 3 potions of lignification {unknown}
 w - 3 potions of degeneration {unknown}
 z - a potion of attraction {unknown}
 D - 2 potions of berserk rage {unknown}
 E - a potion of might


   Skills:
 + Level 7.9 Fighting
 - Level 14.0 Short Blades
 + Level 5.2 Dodging
 - Level 3.4 Stealth
 - Level 11.0 Spellcasting
 - Level 1.0 Conjurations
 - Level 1.0 Summonings
 - Level 1.0 Translocations
 - Level 6.0 Ice Magic
 - Level 5.0 Invocations


You had 21 spell levels left.
You knew the following spells:

 Your Spells              Type           Power      Damage    Failure   Level
a - Magic Dart            Conj           60%        1d6       3%          1
b - Frozen Ramparts       Ice            72%        1d11      1%          3
c - Blink                 Tloc           30%        N/A       6%          2
d - Gell's Gravitas       Tloc           15%        N/A       12%         3
e - Mephitic Cloud        Conj/Pois/Air  13%        N/A       16%         3

Your spell library contained the following spells:

 Spells                   Type           Power      Damage    Failure   Level
 Ensorcelled Hibernation  Hex/Ice        48%        N/A       2%          2
 Kiss of Death            Conj/Necr      52%        2d9       4%          1
 Beastly Appendage        Tmut           22%        N/A       6%          1
 Slow                     Hex            44%        N/A       6%          1
 Call Imp                 Summ           15%        N/A       6%          2
 Lesser Beckoning         Tloc           30%        N/A       6%          2
 Cigotuvi's Dreadful Rot  Necr/Pois/Air  22%        N/A       9%          2
 Wereblood                Tmut           11%        N/A       9%          2
 Teleport Other           Tloc           15%        N/A       12%         3
 Summon Ice Beast         Ice/Summ       26%        N/A       14%         4
 Confusing Touch          Hex            11%        N/A       17%         3
 Spider Form              Tmut/Pois      11%        N/A       17%         3
 Tukima's Dance           Hex            11%        N/A       17%         3
 Ice Form                 Ice/Tmut       24%        N/A       17%         4
 Passage of Golubria      Tloc           15%        N/A       36%         4
 Anguish                  Hex/Necr       5%         N/A       50%         4
 Dispel Undead            Necr           11%        3d9       50%         4
 Yara's Violent Unravell  Hex/Tmut       5%         3d4       85%         5


Dungeon Overview and Level Annotations

Branches:
Dungeon (10/15)            Temple (1/1) D:5            Lair (3/5) D:8
 Shoals (0/4) Lair:2
  Snake: Lair:2-3    Spider: Lair:2-3       Orc: D:9-12

Altars:
Ashenzari
Cheibriados
Dithmenos
Elyvilon
Fedhas
Gozag
Hepliaklqana
Kikubaaqudgha
Makhleb
Nemelex Xobeh
Okawaru
Qazlal
Ru
Sif Muna
Trog
Uskayaw
Vehumet
Wu Jian
Xom
Yredelemnul
Zin
The Shining One

Shops:
D:5 =   D:7 *

Annotations:
D:7 exclusion: gargoyle
Lair:2 1 runed translucent door, Gastronok; junb69's ghost, journeyman OpTm


Innate Abilities, Weirdness & Mutations

You can breathe bolts of dispelling energy.
Your rich purple scales are hard. (AC +8)
You cannot fit into any form of body armour.
You are cold-blooded and may be slowed by cold attacks.


Message History

The killer bee resists with significant effort.
You feel sick. The killer bee stings you!
The killer bee stings you but does no damage.
The killer bee stings you. x3
The killer bee stings you but does no damage.
The killer bee barely misses you. The killer bee stings you. x2
You are more poisoned.
The killer bee poisons you! The killer bee stings you!
The killer bee barely misses you.
Aiming: Paralyse
Press: ? - help, Shift-Dir - straight line, f/p - killer bee
Aim: a killer bee (berserk, chance to affect: 57%)
The killer bee suddenly stops moving!
The now-empty wand crumbles to dust.
You feel very sick. The killer bee misses you.
The killer bee stings you but does no damage. x2
The killer bee stings you.
* * * LOW HITPOINT WARNING * * *
The killer bee stings you but does no damage.
The killer bee barely misses you. The killer bee completely misses you.
The killer bee misses you.
Okay, then.
Unknown command.
As you read the scroll of teleportation, it crumbles to dust.
You feel strangely unstable.
You feel sick.
The killer bee stings you but does no damage.
The killer bee stings you!
* * * LOW HITPOINT WARNING * * *
The killer bee stings you!
* * * LOW HITPOINT WARNING * * *
The killer bee closely misses you. The killer bee stings you.
* * * LOW HITPOINT WARNING * * *
The killer bee stings you but does no damage.
The killer bee barely misses you. The killer bee stings you.
* * * LOW HITPOINT WARNING * * *
Unknown command.
Okay, then.
Zin grants you divine stamina. The killer bee stings you!
You die...

.....................##P#####P###
.....................##..........
.....................###.........
......................##.........
..)...................##.##P##...
.....................#.#.#####...
..........................# #...
.....................###..# #...
...............y@....# #.## #...
...............yyy...###..# ##...
.##.................###P..# #....
...#...............#####..####...
...#..#.........<...............P
...#..#.........................#
.................................
##....#.................<........
#.....P.......P.....P##..P.###...


You could see 4 killer bees.

Vanquished Creatures
  A two-headed ogre (D:10)
  A centaur warrior (D:8)
  3 death yaks
  A cyclops (D:7)
  A manticore (Lair:2)
  Maurice (D:9)
  2 black mambas
  3 komodo dragons
  An unseen horror (D:10)
  2 cane toads (Lair:1)
  2 polar bears (Lair:1)
  Grinder (D:5)
  A wind drake (Lair:2)
  5 blink frogs (Lair:1)
  20 yaks
  A wyvern (D:8)
  Eustachio (D:5)
  3 shadows
  A vampire mosquito (D:10)
  Menkaure (D:5)
  A steam dragon (D:10)
  An acid dragon (D:10)
  9 water moccasins
  Duvessa (D:5)
  4 orc warriors
  8 black bears
  A sky beast (D:7)
  3 ice beasts
  11 wolves
  7 centaurs
  An ogre (D:5)
  5 kobold brigands
  Blork the orc (D:6)
  10 bullfrogs
  3 gnoll sergeants
  7 scorpions
  A necrophage (D:4)
  16 wights
  Dowan (D:5)
  8 killer bees
  8 howler monkeys
  4 electric eels
  A jelly (D:6)
  5 orc priests
  2 hounds
  A gnoll bouda (D:8)
  Jessica (D:2)
  4 iguanas
  7 orc wizards
  A scorpion zombie (D:3)
  A hound zombie (D:3)
  18 gnolls
  5 adders
  2 shadow imps
  2 white imps (D:8)
  3 ufetubi
  An adder zombie (D:3)
  A dart slug (D:1)
  26 orcs
  5 endoplasms
  8 goblins
  10 hobgoblins
  8 jackals
  4 quokkas
  9 ball pythons
  4 bats
  3 frilled lizards (D:2)
  17 kobolds
  3 rats
315 creatures vanquished.

Vanquished Creatures (others)
  61 fungi
  102 plants
163 creatures vanquished.

Grand Total: 478 creatures vanquished

Notes
Turn   | Place    | Note
-------+----------+-------------------------------------------
     0 | D:1      | Angani the Draconian Hedge Wizard began the quest for the
                  | Orb.
     0 | D:1      | Reached XP level 1. HP: 14/14 MP: 4/4
    90 | D:1      | Reached XP level 2. HP: 9/20 MP: 6/6
   801 | D:2      | Reached XP level 3. HP: 17/26 MP: 7/7
   874 | D:2      | Learned a level 3 spell: Frozen Ramparts
   950 | D:2      | Identified the +0 quarterstaff "Piasimext" {venom, Int+2
                  | Stlth+}
  1131 | D:2      | Reached skill level 1 in Ice Magic
  1181 | D:2      | Reached XP level 4. HP: 31/33 MP: 8/8
  1312 | D:2      | Noticed Jessica
  1322 | D:2      | Killed Jessica
  1634 | D:2      | Identified a scroll of acquirement
  1634 | D:2      | Acquired the +5 rapier "Humeewol" {speed, rElec rC+ Will+++
                  | Str-5}
  1751 | D:3      | Reached XP level 5. HP: 27/38 MP: 9/9
  1801 | D:3      | Reached skill level 1 in Short Blades
  1927 | D:3      | Found a glowing golden altar of the Shining One.
  2047 | D:3      | Found a basalt altar of Yredelemnul.
  2093 | D:3      | Reached skill level 2 in Short Blades
  2093 | D:3      | Reached XP level 6. HP: 25/45 MP: 10/10
  2460 | D:4      | Found a blossoming altar of Fedhas.
  2712 | D:4      | Reached skill level 3 in Short Blades
  2805 | D:4      | Found a white marble altar of Elyvilon.
  2873 | D:4      | Your scales start taking on a rich purple colour.
  2873 | D:4      | Reached XP level 7. HP: 41/50 MP: 9/12
  2940 | D:4      | Reached skill level 4 in Short Blades
  3129 | D:4      | Found an ancient bone altar of Kikubaaqudgha.
  3490 | D:5      | Entered Level 5 of the Dungeon
  3629 | D:5      | Reached skill level 5 in Ice Magic
  3723 | D:5      | Noticed Eustachio
  3800 | D:5      | Reached skill level 5 in Short Blades
  3842 | D:5      | Reached XP level 8. HP: 20/57 MP: 11/13
  3994 | D:5      | Found a radiant altar of Vehumet.
  3999 | D:5      | Found a hide-covered altar of Uskayaw.
  4002 | D:5      | Found a sparkling altar of Nemelex Xobeh.
  4111 | D:5      | Found Hoahiam's Jewellery Shoppe.
  4165 | D:5      | Noticed Menkaure
  4181 | D:5      | Killed Menkaure
  4182 | D:5      | Reached skill level 6 in Short Blades
  4258 | D:5      | Found a staircase to the Ecumenical Temple.
  4273 | D:5      | Noticed Grinder
  4283 | Temple   | Entered the Ecumenical Temple
  4491 | D:5      | Noticed Duvessa
  4492 | D:5      | Killed Grinder
  4493 | D:5      | Reached skill level 5 in Spellcasting
  4493 | D:5      | Noticed Dowan
  4500 | D:5      | Killed Duvessa
  4506 | D:5      | Killed Dowan
  4651 | D:5      | Killed Eustachio
  4652 | D:5      | Reached skill level 7 in Short Blades
  4877 | D:6      | Noticed Blork the orc
  4880 | D:6      | Reached XP level 9. HP: 48/62 MP: 18/18
  4902 | D:6      | Killed Blork the orc
  5176 | D:6      | Found a sacrificial altar of Ru.
  5457 | D:6      | Reached skill level 8 in Short Blades
  5895 | D:6      | HP: 3/62 [poisoned by a kobold brigand]
  6339 | D:7      | Noticed a cyclops
  6457 | D:7      | Killed a cyclops
  6458 | D:7      | Reached skill level 9 in Short Blades
  7119 | D:7      | Noticed a gargoyle
  7200 | D:7      | Reached XP level 10. HP: 69/69 MP: 23/23
  7312 | D:7      | Found Isyff's Overcharged Wands.
  7410 | D:7      | Learned a level 2 spell: Blink
  7474 | D:8      | Found a staircase to the Lair.
  7536 | D:8      | Reached skill level 10 in Short Blades
  7639 | D:8      | Reached skill level 10 in Spellcasting
  8088 | D:8      | Noticed a centaur warrior
  8614 | D:8      | Killed a centaur warrior
  8615 | D:8      | Reached skill level 11 in Short Blades
  8878 | D:8      | Found a glowing silver altar of Zin.
  8879 | D:8      | Noticed an angel
  9090 | D:8      | Became a worshipper of Zin the Law-Giver
  9090 | D:8      | Reached * piety under Zin
  9090 | D:8      | Reached ** piety under Zin
  9256 | D:8      | Reached skill level 1 in Invocations
  9367 | D:9      | Learned a level 3 spell: Gell's Gravitas
  9371 | D:9      | Learned a level 3 spell: Mephitic Cloud
  9397 | D:9      | Reached *** piety under Zin
  9497 | D:9      | Noticed Maurice
  9555 | D:9      | Killed Maurice
  9708 | D:9      | Reached XP level 11. HP: 67/74 MP: 23/26
  9955 | D:10     | Entered Level 10 of the Dungeon
 10258 | D:10     | Noticed a two-headed ogre
 10261 | D:10     | Paralysed by a hornet for 2 turns
 10599 | D:10     | HP: 3/74 [two-headed ogre/+0 giant spiked club (12)]
 10602 | D:10     | Killed a two-headed ogre
 10603 | D:10     | Reached skill level 12 in Short Blades
 10681 | D:10     | Reached skill level 5 in Invocations
 10970 | Lair:1   | Entered Level 1 of the Lair of Beasts
 11147 | Lair:1   | Reached skill level 13 in Short Blades
 11467 | Lair:1   | Noticed a death yak
 11467 | Lair:1   | Noticed a death yak
 11505 | Lair:1   | Noticed a death yak
 11518 | Lair:1   | Killed a death yak
 11570 | D:8      | Zin protects you from harm!
 11570 | D:8      | Zin protects you from harm!
 11701 | D:8      | Killed a death yak
 11702 | D:8      | Reached skill level 14 in Short Blades
 11702 | D:8      | Reached skill level 1 in Fighting
 11708 | D:8      | Killed a death yak
 11864 | Lair:1   | Reached XP level 12. HP: 73/92 MP: 24/27
 11897 | Lair:1   | Identified the +8 quarterstaff of Sin {venom, Str+4}
 11937 | Lair:1   | Reached skill level 5 in Fighting
 12517 | Lair:1   | Reached **** piety under Zin
 13368 | Lair:2   | Found a runed translucent door.
 13368 | Lair:2   | Noticed junb69's ghost (journeyman OpTm)
 13411 | Lair:2   | Found a staircase to the Shoals.
 13447 | Lair:2   | HP: 1/100 [manticore/volley of spikes (13)]
 13452 | Lair:2   | Reached skill level 5 in Dodging
 13690 | Lair:2   | Noticed Gastronok
 14061 | Lair:2   | HP: 4/101 [killer bee (2)]
 14062 | Lair:2   | Slain by a killer bee

Illustrated notes

Levels and vault maps discovered:
D:1:      sevenhm_arrival_forest_fort_small_4, layout_basic
D:2:      layout_loops_ring, uniq_jessica
D:3:      layout_basic, nicolae_yredelemnul_corpse_copse, marbit_many_paths
D:4:      layout_basic, mainiacjoe_overflow_alcove_4, general_overflow_altar,
          kiku_gazebo_pond_becter
D:5:      layout_rooms, grunt_temple_overflow_diamond,
          minmay_temple_entry_antechambers, serial_shops, nicolae_shop_stone,
          uniq_eustachio, uniq_grinder, uniq_duvessa, uniq_menkaure
D:6:      cheibrodos_thug_alley, layout_basic,
          mainiacjoe_overflow_concentric_impassable, serial_bayou_lagoon_a,
          uniq_blork_the_orc
D:7:      layout_gridville, nicolae_shop_overcharged_wands
D:8:      minmay_clustersquares, layout_basic, zin_angel,
          due_lair_maze_entry_diamond
D:9:      layout_cave_pools, uniq_maurice
D:10:     layout_irregular_city, serial_bayou_pond_e, minmay_circle_x
Temple:   minmay_temple_bridge_abc
Lair:1:   layout_gridlike, st_stairs_4, gammafunk_lair_bear_cave
Lair:2:   layout_gridlike, minmay_shoals_entry_beasts,
          ebering_ghost_reflecting_pool, serial_bayou_shore_b,
          infiniplex_staircase_pool, uniq_gastronok
Lair:3:   layout_roguey, minmay_snake_entry_guardpost_small, special_room
          [special_room_bee]

Skill      XL: |  1  2  3  4  5  6  7  8  9 10 11 12 |
---------------+-------------------------------------+-----
Stealth        | 2 3 |  3.4
Dodging        | 2 3 5 |  5.2
Ice Magic      | 1 2 3 4 5 6 |  6.0
Short Blades   | 2 3 5 7 9 11 14 | 14.0
Spellcasting   | 6 9 11 | 11.0
Invocations    | 3 5 |  5.0
Fighting       | 4 7 |  7.9
Conjurations   | |  1.0
Summonings     | |  1.0
Translocations | |  1.0

Action                     |  1- 3 |  4- 6 |  7- 9 | 10-12 || total
---------------------------+-------+-------+-------+-------++-------
  Melee: Dagger            |   133 |       |       |       ||   133
         Tailslap          |    23 |    18 |    51 |   128 ||   220
         Punch             |     1 |       |     7 |     9 ||    17
         Quarterstaff      |    27 |    25 |       |       ||    52
         Rapier            |       |   107 |   373 |   798 ||  1278
   Cast: Frozen Ramparts   |       |     3 |    16 |    61 ||    80
 Invoke: Recite            |       |       |       |     3 ||     3
         Vitalisation      |       |       |       |     3 ||     3
Ability: Breathe Dispellin |       |       |     4 |     1 ||     5
  Evoke: Wand              |       |       |    18 |    18 ||    36
    Use: Scroll            |       |     6 |     3 |    10 ||    19
         Potion            |       |       |     1 |     5 ||     6
   Stab: Sleeping          |     3 |     8 |     6 |     3 ||    20
         Paralysed         |       |       |       |     6 ||     6
 Armour: Skin              |    28 |    29 |    74 |   161 ||   292
  Dodge: Dodged            |    87 |    61 |   187 |   285 ||   620

Table legend: (Time is in decaauts)
 A = Elapsed time spent in this place.
 B = Non-inter-level travel time spent in this place.
 C = Inter-level travel time spent in this place.
 D = Time resting spent in this place.
 E = Time spent auto-exploring this place.
 F = Levels seen in this place.
 G = Mean time per level.
                   A        B        C        D        E       F      G
               +--------+--------+--------+--------+--------+-----+--------+
         Total |  13339 |  12725 |    614 |   3234 |   6857 |  14 |  952.8 |
       Dungeon |  10549 |  10019 |    530 |   2634 |   5247 |  10 | 1054.9 |
        Temple |    194 |    172 |     22 |      0 |    167 |   1 |  194.0 |
          Lair |   2594 |   2532 |     62 |    600 |   1443 |   3 |  864.7 |
               +--------+--------+--------+--------+--------+-----+--------+

Top non-repeatable levels by time:
     D:8: 1972 daAuts
  Lair:1: 1623 daAuts
     D:6: 1381 daAuts
     D:4: 1380 daAuts
     D:7: 1081 daAuts
  Lair:2: 963 daAuts
    D:10: 941 daAuts
     D:2: 930 daAuts
     D:5: 911 daAuts
     D:1: 730 daAuts
     D:3: 651 daAuts
     D:9: 568 daAuts
  Temple: 194 daAuts
  Lair:3: 7 daAuts
